 Dungeon Crawl Stone Soup version 0.28-a0-46-g7b1be97da7 (webtiles) character file.

Game seed: 15958322217048795151

23 HAL9000 the Changer (level 2, -8/23 HPs)
             Began as a Draconian Transmuter on July 29, 2021.
             Mangled by Sigmund (9 damage)
             ... on level 2 of the Dungeon.
             The game lasted 00:01:18 (1557 turns).

HAL9000 the Changer (Draconian Transmuter)          Turns: 1557, Time: 00:01:19

Health: -8/23      AC:  4    Str: 12    XL:     2   Next: 72%
Magic:  5/5        EV: 12    Int: 13    God:
Gold:   53         SH:  0    Dex: 11    Spells: 2/5 levels left

rFire   . . .      SeeInvis .     - Unarmed
rCold   . . .      Faith    .   (no shield)
rNeg    . . .      Spirit   .   (armour unavailable)
rPois   .          Reflect  .   (helmet currently unavailable)
rElec   .          Harm     .   c - scarf {shadows}
rCorr   .          Rampage  .   (no gloves)
Will    .....                   (boots currently unavailable)
Stlth   +.........              (no amulet)
HPRegen 0.07/turn               (no ring)
MPRegen 0.09/turn               (no ring)

@: appendages (expiring), very slightly contaminated, invisible
A: horns 2, talons 2, AC +4, unfitting armour, cold-blooded
a: End Transformation


You were on level 2 of the Dungeon.
You had temporarily grown beastly horns and talons.
You visited 1 branch of the dungeon, and saw 2 of its levels.

You collected 53 gold pieces.

Inventory:

Armour
 c - a scarf of shadows (worn)
Jewellery
 e - an amulet of faith
Scrolls
 b - a scroll of fear {unknown}
 d - a scroll of fog {unknown}
Potions
 g - a potion of mutation {unknown}


   Skills:
 - Level 1.1 Fighting
 - Level 1.7 Dodging
 - Level 3.0 Unarmed Combat
 - Level 2.0 Spellcasting
 + Level 3.3 Transmutations


You had 2 spell levels left.
You knew the following spells:

 Your Spells              Type           Power      Damage    Failure   Level
a - Beastly Appendage     Tmut           20%        N/A       6%          1
b - Wereblood             Tmut           10%        N/A       10%         2

Your spell library contained the following spells:

 Spells                   Type           Power      Damage    Failure   Level
 Spider Form              Tmut/Pois      2%         N/A       36%         3
 Ice Form                 Ice/Tmut       5%         N/A       77%         4


Dungeon Overview and Level Annotations

Branches:
Dungeon (2/15)

Altars:

Annotations:
D:2 Sigmund


Innate Abilities, Weirdness & Mutations

You have temporarily grown beastly horns and talons.
Your plain brown scales are hard. (AC +4)
You cannot fit into any form of body armour.
You are cold-blooded and may be slowed by cold attacks.


Message History

Sigmund hits you with a +0 scythe.
You hit Sigmund.
Sigmund is lightly wounded.
Sigmund points at you and mumbles some strange words.
The magic dart hits you.
You hit Sigmund. Your headbutt misses Sigmund.
Sigmund is moderately wounded.
You barely miss Sigmund. Your kick misses Sigmund.
Sigmund is moderately wounded.
Sigmund misses you.
You strike the helpless Sigmund from behind!
You hit Sigmund. You claw Sigmund.
Sigmund is moderately wounded.
Sigmund misses you.
You hit Sigmund.
Sigmund is heavily wounded.
Sigmund barely misses you.
You barely miss Sigmund. Your headbutt misses Sigmund.
You tail-slap Sigmund, but do no damage.
Sigmund is heavily wounded.
Sigmund points at you and mumbles some strange words.
You are confused.
You're too confused to move!
Sigmund hits you with a +0 scythe.
You bump into the rock wall.
Sigmund hits you with a +0 scythe!
* * * LOW HITPOINT WARNING * * *
You bump into the rock wall.
Sigmund completely misses you. Sigmund barely misses you.
Unknown command.
You hit Sigmund but do no damage.
Sigmund is heavily wounded.
Sigmund gestures at you while chanting. The magic dart hits you.
* * * LOW HITPOINT WARNING * * *
You feel less confused.
Unknown command.
Your transformation is almost over.
Sigmund hits you from afar with a +0 scythe.
* * * LOW HITPOINT WARNING * * *
Sigmund hits you with a +0 scythe!
You die...

### #.#.# #.#
##...###.##.# ..# #... ..#
##'## #.##.# ..# ###. ###
#.# #..... #.# #. #.#
#.##.# #.# ##.## ##.##
#..... ..# #...#
###...######.# ..#
###...### #......# #.# #.#
#.......####.#.....# #)#
#.#
#........@@.###..#.#####.#
..#
#.......####.#.#.#..)....#
..# ###...###
##.##.######### #.# #...#
####.# #.# ##### #.# ..#
#.# ..# #.# ###


You could see Sigmund.

Vanquished Creatures
  A dart slug (D:1)
  2 bats (D:1)
  4 endoplasms
  A giant cockroach (D:1)
  A goblin (D:1)
  A hobgoblin (D:1)
  2 kobolds
  A quokka (D:1)
  2 ball pythons (D:1)
  A frilled lizard (D:1)
  2 rats (D:1)
18 creatures vanquished.

Notes
Turn   | Place    | Note
-------+----------+-------------------------------------------
     0 | D:1      | HAL9000 the Draconian Transmuter began the quest for the
                  | Orb.
     0 | D:1      | Reached XP level 1. HP: 16/16 MP: 3/3
   329 | D:1      | Reached XP level 2. HP: 23/23 MP: 3/5
  1066 | D:2      | Noticed Sigmund
  1382 | D:2      | Learned a level 2 spell: Wereblood
  1555 | D:2      | HP: 1/23 [Sigmund (2)]
  1557 | D:2      | Mangled by Sigmund

Illustrated notes

Levels and vault maps discovered:
D:1:      amcnicky_arrival_gap_in_the_tavern_cellar, layout_rooms, serial_glass,
          glass_columns_a, glass_columns_c, glass_columns_a, glass_columns_b,
          glass_columns_c, glass_columns_a, glass_columns_a, glass_columns_b
D:2:      layout_loops_corners, basic_ecumenical_altar, palyth_stone_intersect,
          uniq_crazy_yiuf_cottage, uniq_sigmund, uniq_robin

Skill      XL: |  1  2 |
---------------+-------+-----
Transmutations | 3 |  3.3
Fighting       | |  1.1
Dodging        | |  1.7
Unarmed Combat | |  3.0
Spellcasting   | |  2.0

Action                   || total
-------------------------++-------
Melee: Unarmed           ||    69
       Kick              ||     6
       Tailslap          ||     7
       Headbutt          ||     2
 Cast: Beastly Appendage ||     9
  Use: Scroll            ||     1
       Potion            ||     1
 Stab: Invisible         ||     1
Armor: Skin              ||    26
Dodge: Dodged            ||    63

Table legend: (Time is in decaauts)
 A = Elapsed time spent in this place.
 B = Non-inter-level travel time spent in this place.
 C = Inter-level travel time spent in this place.
 D = Time resting spent in this place.
 E = Time spent auto-exploring this place.
 F = Levels seen in this place.
 G = Mean time per level.
                   A        B        C        D        E       F      G
               +--------+--------+--------+--------+--------+-----+--------+
         Total |   1560 |   1492 |     68 |    248 |   1033 |   2 |  780.0 |
       Dungeon |   1560 |   1492 |     68 |    248 |   1033 |   2 |  780.0 |
               +--------+--------+--------+--------+--------+-----+--------+

Top non-repeatable levels by time:
     D:1: 1268 daAuts
     D:2: 291 daAuts
